 Dungeon Crawl Stone Soup version 0.21.1-1-g345015fe64 (webtiles) character file.

12151 OlSheep the Geomancer (level 11, -16/68 HPs)
             Began as a Gargoyle Earth Elementalist on June 23, 2018.
             Was a Priest of the Shining One.
             Killed by Ozocubu's Refrigeration
             ... invoked by Fannar
              (18 damage)
             ... on level 11 of the Dungeon.
             The game lasted 01:50:59 (13467 turns).

OlSheep the Geomancer (GrEE)                       Turns: 13467, Time: 01:50:59

Health: -16/68     AC: 29    Str: 17      XL:     11   Next: 88%
Magic:  2/21       EV:  8    Int: 17      God:    the Shining One [***...]
Gold:   507        SH:  0    Dex:  9 (10) Spells: 18/24 levels left

rFire    + . .     SeeInvis .   a - staff of earth
rCold    . . .     Gourm    .   (no shield)
rNeg     + + .     Faith    .   K - +2 chain mail {rF+}
rPois    ∞         Spirit   .   L - +2 helmet
rElec    +         Reflect  .   M - +0 cloak
rCorr    .         Harm     .   u - +0 pair of gloves
MR       .....                  o - +1 pair of boots
Stlth    ..........             (no amulet)
HPRegen  0.21/turn              A - +3 ring of strength
MPRegen  0.17/turn              (no ring)

@: glowing
A: negative energy resistance 1, electricity resistance, unbreathing,
petrification resistance, rot immunity, subdued magic 1, AC +8
a: Divine Shield, Renounce Religion


You were on level 11 of the Dungeon.
You worshipped the Shining One.
The Shining One was most pleased with you.
You were not hungry.

You visited 3 branches of the dungeon, and saw 14 of its levels.

You collected 507 gold pieces.

Inventory:

Hand Weapons
 f - a +5 dire flail of holy wrath
 t - a +3 hand axe
 z - the +12 glaive of Prune {chop}
   (You found it on level 7 of the Dungeon)

   It inflicts extra damage upon your enemies.
 J - a +4 great mace of crushing
 Q - the +3 morningstar of Hatred {protect, *Contam rC++ Dex+9}
   (You found it on level 11 of the Dungeon)

   It protects the one who uses it against injury (+AC on strike).
   It affects your dexterity (+9).
   It greatly protects you from cold.
   It causes magical contamination when unequipped.
Missiles
 b - 184 stones (quivered)
Armour
 o - a +1 pair of boots (worn)
 u - a +0 pair of gloves (worn)
 K - a +2 chain mail of fire resistance (worn)
 L - a +2 helmet (worn)
 M - a +0 cloak (worn)
 O - +0 fire dragon scales
Magical Staves
 a - an uncursed staff of earth (weapon)
Jewellery
 n - an uncursed ring of fire
 A - a +3 ring of strength (left hand)
 H - an uncursed ring of flight
Wands
 c - a wand of flame (75)
 m - a wand of polymorph (9)
 s - a wand of enslavement (14)
 v - a wand of scattershot (3)
 w - a wand of iceblast (16)
 B - a wand of paralysis (20)
Scrolls
 h - 6 scrolls of remove curse
 i - a scroll of blinking {unknown}
 j - 2 scrolls of enchant armour
 q - a scroll of fog
 D - 2 scrolls of teleportation
 E - a scroll of identify
 F - a scroll of immolation {unknown}
 I - 2 scrolls of summoning {unknown}
 N - a scroll of amnesia
 R - a scroll of enchant weapon
Potions
 g - 2 potions of curing
 k - a potion of ambrosia {unknown}
 l - a potion of mutation {unknown}
 p - a potion of lignification {unknown}
 r - 2 potions of agility
 x - a potion of invisibility
 C - a potion of flight {unknown}
Books
 e - a book of Geomancy

   Spells                             Type                      Level
   a - Sandblast                      Earth                        1
   b - Passwall                       Transmutation/Earth          2
   c - Stone Arrow                    Conjuration/Earth            3
   d - Petrify                        Transmutation/Earth          4
   e - Lee's Rapid Deconstruction     Earth                        5
 G - the Grimoire of the Helpful Compass
   (You found it on level 7 of the Dungeon)

   Spells                             Type                      Level
   a - Song of Slaying                Charms                       2
   b - Regeneration                   Charms/Necromancy            3
   c - Lesser Beckoning               Translocation                3
   d - Summon Forest                  Summoning/Translocation      5
   e - Deflect Missiles               Charms/Air                   6
Miscellaneous
 y - a lamp of fire (inert)
Comestibles
 d - 25 rations


   Skills:
 * Level 8.2 Fighting
 + Level 4.9(6.7) Maces & Flails
 * Level 7.0(7.7) Staves
 * Level 8.9 Armour
 - Level 1.5 Dodging
 + Level 2.9 Stealth
 - Level 7.0 Spellcasting
 + Level 3.0 Conjurations
 + Level 0.7 Transmutations
 + Level 11.2 Earth Magic
 + Level 1.0 Invocations
 + Level 0.5 Evocations


You had 18 spell levels left.
You knew the following spells:

 Your Spells              Type           Power        Failure   Level  Hunger
a - Sandblast             Erth           ######       1%          1    None
b - Passwall              Tmut/Erth      ####......   13%         2    None
c - Stone Arrow           Conj/Erth      ####..       16%         3    ##.....


Dungeon Overview and Level Annotations

Branches:
Dungeon (12/15)            Temple (1/1) D:4            Lair (1/6) D:8
    Orc: D:9-12

Altars:
Ashenzari
Cheibriados
Dithmenos
Elyvilon
Fedhas
Gozag
Hepliaklqana
Kikubaaqudgha
Makhleb
Nemelex Xobeh
Okawaru
Qazlal
Ru
Sif Muna
Trog
Uskayaw
Vehumet
Wu Jian
Xom
Yredelemnul
Zin
The Shining One

Shops:
D:9 !

Portals:
Volcano: Lair:1

Annotations:
D:5 Sigmund
D:8 ! Lair has dragon thing
D:11 Fannar


Innate Abilities, Weirdness & Mutations

You are resistant to torment.
Your stone body is resilient. (AC +8)
You are immune to poison.
You resist negative energy. (rN+)
You are resistant to electric shocks. (rElec)
You can survive without breathing.
You are immune to petrification.
You are immune to rotting.
Your spells are a little easier to cast, but a little less powerful.


Message History

Fannar hits you but does no damage.
Your divine halo glows too radiantly to become invisible.
Fannar brushes some snowflakes from his robe.
Fannar mumbles some strange words.
Fannar drains the heat from the surrounding environment!
You feel very cold.
* * * LOW HITPOINT WARNING * * *
Fannar is frozen.
Fannar resists.
Fannar is moderately wounded.
As you read the scroll of fog, it crumbles to dust.
The scroll dissolves into smoke.
The ice beast hits you but does no damage.
The ice beast misses you.
The ice beast hits you but does no damage.
All of the chunks of flesh in your inventory have rotted away.
There is an open door here.
Fannar casts a spell.
Fannar drains the heat from the surrounding environment!
You feel very cold.
You die...

##.#
###################[##
#..........##........#
#.........§§#§§......#
#.......§.§e§§§......#
#.....[..Y§#§e§......+
#..........#§§§......#
#########Y##§§§......#
##@###§§......# ##).#
###'###### #..##
#.).###### ####'####
###......# #.......#
########)# #.......#
#....e.....#
#.......#.'.....Yo...#
#.......#.# .........#
#.....>.'.# .........#


You could see Fannar and 2 ice beasts.

Vanquished Creatures
  A two-headed ogre (D:10)
  Pikel (D:8)
  An ugly thing (D:9)
  Joseph (D:7)
  Maurice (D:11)
  A queen bee (D:8)
  A troll (D:11)
  2 hornets (D:9)
  3 blink frogs (Lair:1)
  2 shadows
  3 wyverns
  Grum (D:8)
  3 yaks
  A hungry ghost (D:10)
  Edmund (D:4)
  A water moccasin (D:7)
  A porcupine (Lair:1)
  A necrophage (D:7)
  2 sky beasts
  10 orc warriors
  4 ogres
  2 phantoms
  3 ice beasts
  3 wolves (D:8)
  A centaur (D:7)
  A crocodile (Lair:1)
  3 big kobolds
  7 bullfrogs
  A wyvern zombie (D:10)
  3 scorpions
  24 killer bees
  2 jellies
  8 wights
  2 howler monkeys
  9 electric eels (D:8)
  4 crimson imps
  3 centaur zombies
  A bullfrog zombie (D:5)
  A quasit (D:11)
  10 orc priests
  3 hounds
  Ijyb (D:4)
  8 orc wizards
  9 worker ants
  A howler monkey skeleton (D:4)
  3 gnolls (D:7)
  14 adders
  A shadow imp (D:10)
  4 worms
  2 dart slugs (D:2)
  5 leopard geckos
  46 orcs
  3 ball pythons
  A bat zombie (D:6)
  4 giant cockroaches
  5 goblins
  5 hobgoblins
  14 jackals
  5 quokkas
  6 bats
  4 frilled lizards
  13 kobolds
  19 rats
  A rat zombie (D:6)
307 creatures vanquished.

Vanquished Creatures (others)
  2 slaves (D:9)
2 creatures vanquished.

Grand Total: 309 creatures vanquished

Notes
Turn   | Place    | Note
-------+----------+-------------------------------------------
     0 | D:1      | OlSheep the Gargoyle Earth Elementalist began the quest for the Orb.
     0 | D:1      | Reached XP level 1. HP: 10/10 MP: 3/3
   119 | D:1      | Reached XP level 2. HP: 16/16 MP: 1/5
   123 | D:1      | Reached skill level 4 in Earth Magic
   346 | D:1      | Reached XP level 3. HP: 20/20 MP: 2/6
   801 | D:2      | Reached skill level 1 in Fighting
   801 | D:2      | Reached skill level 1 in Armour
   987 | D:2      | Reached XP level 4. HP: 25/25 MP: 3/7
  1522 | D:3      | Reached skill level 5 in Earth Magic
  1556 | D:3      | Reached XP level 5. HP: 13/29 MP: 4/9
  2501 | D:4      | Reached XP level 6. HP: 35/35 MP: 7/10
  2566 | D:4      | Reached skill level 1 in Maces & Flails
  2630 | D:4      | Noticed a phantom
  2649 | D:4      | Killed a phantom
  2654 | D:4      | Learned a level 2 spell: Passwall
  2732 | D:4      | Noticed Ijyb
  2747 | D:4      | Killed Ijyb
  2873 | D:4      | Reached XP level 7. HP: 39/40 MP: 12/12
  2950 | D:4      | Found a staircase to the Ecumenical Temple.
  2979 | Temple   | Entered the Ecumenical Temple
  2988 | Temple   | Became a worshipper of the Shining One
  3361 | D:4      | Noticed Edmund
  3425 | D:4      | Killed Edmund
  3425 | D:4      | Reached skill level 6 in Earth Magic
  4088 | D:5      | Entered Level 5 of the Dungeon
  4512 | D:5      | Reached XP level 8. HP: 46/46 MP: 14/14
  4712 | D:5      | Noticed Sigmund
  5120 | D:6      | Reached * piety under the Shining One
  5128 | D:6      | Reached skill level 5 in Spellcasting
  5265 | D:6      | Found an ancient bone altar of Kikubaaqudgha.
  5602 | D:7      | Reached skill level 1 in Staves
  5833 | D:7      | Noticed Joseph
  5845 | D:7      | Killed Joseph
  5845 | D:7      | Reached skill level 7 in Earth Magic
  5845 | D:7      | Reached XP level 9. HP: 27/52 MP: 7/17
  5995 | D:7      | Found the +12 glaive of Prune {chop}
  6106 | D:8      | Reached skill level 5 in Armour
  6209 | D:9      | Noticed a hornet
  6417 | D:7      | Reached skill level 5 in Fighting
  6546 | D:7      | Reached skill level 8 in Earth Magic
  6971 | D:7      | Learned a level 3 spell: Stone Arrow
  7196 | D:7      | Identified the Grimoire of the Helpful Compass
  7218 | D:7      | Reached skill level 9 in Earth Magic
  7703 | D:8      | Reached skill level 1 in Conjurations
  7739 | D:9      | Found a basalt altar of Yredelemnul.
  7794 | D:8      | Noticed Grum
  7799 | D:8      | Reached XP level 10. HP: 56/60 MP: 17/19
  7806 | D:8      | Killed Grum
  8069 | D:8      | Found a staircase to the Lair.
  8069 | D:8      | Reached ** piety under the Shining One
  8078 | D:8      | Reached skill level 10 in Earth Magic
  8114 | D:8      | HP: 2/60 [killer bee (3)]
  8685 | Lair:1   | Entered Level 1 of the Lair of Beasts
  8999 | Lair:1   | Found a dark tunnel.
  9000 | Lair:1   | Noticed a lindwurm
  9529 | D:9      | Noticed Pikel
  9542 | D:8      | Killed Pikel
  9542 | D:8      | Reached skill level 5 in Staves
  9774 | D:9      | Reached XP level 11. HP: 67/67 MP: 16/20
  9783 | D:9      | Found Tyrem's Distillery.
  9938 | D:10     | Entered Level 10 of the Dungeon
 10225 | D:9      | Found a sacrificial altar of Ru.
 10528 | D:9      | Noticed a white ugly thing
 10538 | D:9      | Killed a white ugly thing
 11509 | D:10     | Noticed a two-headed ogre
 11533 | D:10     | Killed a two-headed ogre
 11999 | D:10     | Reached *** piety under the Shining One
 12013 | D:10     | Reached skill level 1 in Invocations
 12492 | D:11     | Noticed a two-headed ogre
 12536 | D:11     | Noticed a red ugly thing
 12859 | D:11     | Noticed Maurice
 12867 | D:11     | Killed Maurice
 12867 | D:11     | Reached skill level 11 in Earth Magic
 13040 | D:11     | Got a faintly glowing morningstar
 13046 | D:11     | Identified the +3 morningstar of Hatred {protect, *Contam rC++ Dex+9} (You found it on level 11 of the Dungeon)
 13062 | D:11     | Gained mutation: Your spells are a little easier to cast, but a little less powerful. [mutagenic glow]
 13196 | D:12     | Noticed a wizard
 13431 | D:11     | Noticed Fannar
 13460 | D:11     | HP: 1/68 [Fannar/Ozocubu's Refrigeration (21)]
 13467 | D:11     | Killed from afar by Fannar

Skill      XL: |  1  2  3  4  5  6  7  8  9 10 11 |
---------------+----------------------------------+-----
Earth Magic    | 4 5 6 7 9 10 11 | 11.2
Fighting       | 1 2 3 4 6 7 8 |  8.2
Armour         | 1 2 4 6 7 8 |  8.9
Spellcasting   | 3 4 5 6 7 |  7.0
Maces & Flails | 1 2 3 4 |  4.9
Staves         | 2 3 5 7 |  7.0
Conjurations   | 1 3 |  3.0
Invocations    | 1 |  1.0
Dodging        | |  1.5
Stealth        | |  2.9
Transmutations | |  0.7
Evocations     | |  0.5

Action                   |  1- 3 |  4- 6 |  7- 9 | 10-12 || total
-------------------------+-------+-------+-------+-------++-------
Melee: Short sword       |    17 |       |       |       ||    17
       Mace              |    19 |    76 |    51 |       ||   146
       Dire flail        |       |       |    50 |       ||    50
       Staff             |       |       |    93 |   311 ||   404
       Great mace        |       |       |     6 |    82 ||    88
 Cast: Sandblast         |    50 |    81 |   132 |   104 ||   367
       Stone Arrow       |       |       |    17 |    55 ||    72
Invok: Divine Shield     |       |       |       |     1 ||     1
Evoke: Wand              |       |       |       |    13 ||    13
       Lamp of fire      |       |       |       |     1 ||     1
  Use: Scroll            |       |     6 |     6 |     8 ||    20
       Potion            |       |     2 |     7 |     1 ||    10
 Stab: Sleeping          |     1 |       |       |       ||     1
       Distracted        |       |     1 |       |       ||     1
  Eat: Chunk             |     1 |     3 |     6 |     9 ||    19
       Ration            |       |     1 |     3 |     4 ||     8
Armor: Robe              |     9 |    25 |       |       ||    34
       Leather armour    |       |    34 |   106 |       ||   140
       Chain mail        |       |       |     4 |   419 ||   423
Dodge: Dodged            |    41 |    72 |   144 |   222 ||   479
Block: Shield            |       |       |       |     5 ||     5
       Other             |       |       |       |     4 ||     4
